 Dungeon Crawl Stone Soup version 0.30-a0-879-ga8ba668304 (webtiles) character file.

Game seed: 13009176618997925403

186 Morbidden the Covered (level 5, 0/48 HPs)
             Began as an Armataur Fighter on Mar 13, 2023.
             Killed from afar by an orc wizard (9 damage)
             ... with a magic dart
             ... on level 4 of the Dungeon.
             The game lasted 00:02:46 (2631 turns).

Morbidden the Covered (Armataur Fighter)            Turns: 2631, Time: 00:02:47

Health: 0/48       AC:  7    Str: 26    XL:     5   Next: 38%
Magic:  7/7        EV:  8    Int: 10    God:
Gold:   158        SH:  5    Dex: 16    Spells: 7/7 levels left

rFire   + + .      SeeInvis .    b - +0 war axe
rCold   . . .      Faith    .    c - +0 buckler
rNeg    . . .      Spirit   .    l - +0 ring mail "Peel Ixt" {Drain rF++ Str+5}
rPois   .          Reflect  .    s - +0 helmet
rElec   .          Roll     +    (no cloak)
rCorr   .                        (no gloves)
Will    .....                    (no barding)
Stlth   +                        (no amulet)
HPRegen 0.28/turn                f - +6 ring of dexterity
MPRegen 0.10/turn                (no ring)

@: no status effects
A: large, rugged brown scales 3, deformed body, armoured tail, roll, long
tongue, awkward tongue
a: no special abilities


You were on level 4 of the Dungeon.
You visited 1 branch of the dungeon, and saw 4 of its levels.

You collected 158 gold pieces.

Inventory:

Hand Weapons
 a - a +0 flail
 b - a +0 war axe (weapon)
Missiles
 j - 3 boomerangs
 p - 7 poisoned darts (quivered)
Armour
 c - a +0 buckler (worn)
 l - the +0 ring mail "Peel Ixt" (worn) {Drain rF++ Str+5}
   (You found it on level 3 of the Dungeon)

   Str:       It affects your strength (+5).
   rF:        It greatly protects you from fire.
   Drain:     It drains your maximum health when unequipped.
 s - a +0 helmet (worn)
Jewellery
 f - a +6 ring of dexterity (left hand)
Scrolls
 g - a scroll of fear {unknown}
 h - 3 scrolls of teleportation {unknown}
 i - 2 scrolls of amnesia {unknown}
 q - a scroll of noise {unknown}
 u - a scroll of poison {unknown}
Potions
 d - a potion of might
 e - a potion of brilliance {unknown}
 k - 2 potions of resistance
 m - a potion of heal wounds {unknown}
 n - 2 potions of magic
 o - a potion of curing {unknown}
 r - a potion of degeneration {unknown}
 t - 2 potions of mutation {unknown}


   Skills:
 * Level 3.2 Fighting
 * Level 1.7(2.2) Axes
 * Level 2.2(2.6) Maces & Flails
 * Level 4.5 Armour
 * Level 1.1 Dodging
 * Level 3.7 Shields
 * Level 1.5 Spellcasting


You had 7 spell levels left.
You didn't know any spells.
Your spell library contained the following spells:

 Spells                   Type           Power      Damage    Failure   Level
 Ensorcelled Hibernation  Hex/Ice        0%         N/A       65%         2
 Passwall                 Tmut/Erth      0%         N/A       65%         2
 Swiftness                Air            0%         N/A       87%         3


Dungeon Overview and Level Annotations

Branches:
Dungeon (4/15)
 Temple: D:4-7

Altars:

Shops:
D:2 =


Innate Abilities, Weirdness & Mutations

You are completely covered in rugged brown scales. (AC +3, +7% HP)
Armour fits poorly on your strangely shaped body.
You have a long armoured tail.
You roll when moving toward enemies. (Rampage)
Your long tongue fully drains potion bottles. (2x potion effects)
Your tongue gives you trouble enunciating. (1.5x scroll delay)


Message History

The orc wizard casts a spell at you. You resist with some effort.
You closely miss the orc wizard.
The orc wizard is moderately wounded.
You hit the orc priest but do no damage.
The orc priest closely misses you. You block the orc wizard's attack.
The orc priest hits you with a +0 flail!
The orc wizard points at you and mumbles some strange words.
You resist with some effort.
Unknown command.
You closely miss the orc wizard.
The orc wizard is moderately wounded.
You slash the orc!
You kill the orc!
You hit the orc priest but do no damage.
The orc wizard hits you with a +0 dagger.
The orc priest hits you with a +0 flail.
You closely miss the orc wizard.
Your tail-slap misses the orc wizard.
The orc wizard is moderately wounded.
You hit the orc priest but do no damage.
You block the orc priest's attack.
The orc wizard hits you with a +0 dagger.
The orc wizard hits you but does no damage.
The orc priest barely misses you.
You closely miss the orc priest. You hit the orc wizard.
The orc wizard casts a spell.
The orc wizard flickers and vanishes!
Deactivating autopickup; reactivate with Ctrl-A.
The orc priest hits you with a +0 flail.
Unknown command.
You hit the orc priest. You tail-slap the orc priest!
The orc priest is almost dead.
You closely miss something.
The orc priest mumbles some strange prayers to Beogh against you.
Beogh smites you!
* * * LOW HITPOINT WARNING * * *
You hear some strange, mumbled words.
A magic dart appears from out of thin air!
The magic dart hits you!
You die...

..........# .#..
.........## ## .....
..........## .# .....
.....#.....#....
##.....
.>...#..........
.......
..............#.
....... ##...†...##..##
.....
####....###.#####..#
#.......#.....))@o.#
....#.....#...##.{...#
...###....#..######...#
..# ##....†..#(### .##
## #............# .#
#...##.........o ..
.....#.......<... .
.###.###..?....... #.
.......#...


You could see an orc priest.

Vanquished Creatures
  A bullfrog (D:4)
  An iguana (D:4)
  A gnoll (D:1)
  2 adders (D:2)
  2 worms (D:3)
  2 dart slugs
  7 orcs
  5 bats
  An endoplasm (D:2)
  2 giant cockroaches
  6 goblins
  6 hobgoblins
  3 jackals (D:2)
  3 kobolds
  2 quokkas (D:1)
  2 ball pythons (D:1)
  3 frilled lizards (D:3)
  6 rats
55 creatures vanquished.

Notes
Turn   | Place    | Note
-------+----------+-------------------------------------------
     0 | D:1      | Morbidden the Armataur Fighter began the quest for the Orb.
     0 | D:1      | Reached XP level 1. HP: 19/19 MP: 1/1
   168 | D:1      | Reached XP level 2. HP: 26/26 MP: 2/2
   370 | D:1      | Reached skill level 4 in Armour
   371 | D:1      | Reached XP level 3. HP: 17/32 MP: 3/3
  1024 | D:2      | Found Zaommon's Jewellery Boutique.
  1240 | D:2      | Reached skill level 1 in Spellcasting
  1429 | D:3      | Identified the +0 ring mail "Peel Ixt" {Drain rF++ Str+5}
  1731 | D:3      | Reached XP level 4. HP: 17/40 MP: 5/5
  1912 | D:3      | Reached skill level 1 in Axes
  2032 | D:3      | Found a faded altar of an unknown god.
  2584 | D:4      | Noticed a bullfrog
  2588 | D:4      | Killed a bullfrog
  2589 | D:4      | Reached skill level 1 in Dodging
  2589 | D:4      | Reached XP level 5. HP: 46/48 MP: 5/7
  2631 | D:4      | Killed from afar by an orc wizard

Illustrated notes

Levels and vault maps discovered:
D:1:      dpeg_arrival_water_temple_mockup, layout_basic
D:2:      layout_loops_corners, serial_shops,
          nicolae_shop_competitors_out_of_business
D:3:      layout_basic, hellmonk_ecumenical_altar_leap_of_faith,
          guppyfry_early_orc_mine
D:4:      layout_cave_pools, minmay_diced_spiral

Skill      XL: |  1  2  3  4 |
---------------+-------------+-----
Armour         | 4 |  4.5
Maces & Flails | 2 |  2.2
Spellcasting   | 1 |  1.5
Fighting       | 3 |  3.2
Axes           | 1 |  1.7
Dodging        | 1 |  1.1
Shields        | |  3.7

Action                     |  1- 3 |  4- 6 || total
---------------------------+-------+-------++-------
  Melee: Flail             |    38 |       ||    38
         Tailslap          |     7 |     7 ||    14
         War axe           |    68 |    44 ||   112
  Throw: Boomerang         |       |     1 ||     1
    Use: Scroll            |     3 |       ||     3
 Armour: Scale mail        |    52 |       ||    52
         Ring mail         |     3 |    10 ||    13
  Dodge: Dodged            |    34 |    13 ||    47
  Block: Buckler           |    32 |    11 ||    43

Table legend: (Time is in decaauts)
 A = Elapsed time spent in this place.
 B = Non-inter-level travel time spent in this place.
 C = Inter-level travel time spent in this place.
 D = Time resting spent in this place.
 E = Time spent auto-exploring this place.
 F = Levels seen in this place.
 G = Mean time per level.
                   A        B        C        D        E       F      G
               +--------+--------+--------+--------+--------+-----+--------+
         Total |   2694 |   2561 |    133 |      6 |   2120 |   4 |  673.5 |
       Dungeon |   2694 |   2561 |    133 |      6 |   2120 |   4 |  673.5 |
               +--------+--------+--------+--------+--------+-----+--------+

Top non-repeatable levels by time:
     D:3: 1159 daAuts
     D:2: 807 daAuts
     D:1: 647 daAuts
     D:4: 79 daAuts
